 Dungeon Crawl Stone Soup version 0.25-a0-50-gf0389da217 (webtiles) character file.

Game seed: 12520121867040595088, levelgen mode: deterministic

203 Arixos the Grave Robber (level 5, -4/34 HPs)
             Began as an Octopode Necromancer on Oct 24, 2019.
             Slain by a gnoll (5 damage)
             ... on level 3 of the Dungeon.
             The game lasted 00:12:44 (3363 turns).

Arixos the Grave Robber (Octopode Necromancer)      Turns: 3363, Time: 00:12:45

Health: -4/34      AC:  1    Str:  7    XL:     5   Next: 81%
Magic:  1/9        EV: 14    Int: 19    God:
Gold:   167        SH:  0    Dex: 12    Spells: 2/10 levels left

rFire    . . .     SeeInvis .   a - +1 whip (venom)
rCold    . . .     Gourm    .   (no shield)
rNeg     + . .     Faith    .   (helmet restricted)
rPois    .         Spirit   .   (no amulet)
rElec    .         Reflect  .   d - ring of positive energy (curse)
rCorr    .         Harm     .   (no ring)
MR       .....                  (no ring)
Stlth    +++.......             (no ring)
HPRegen  0.11/turn              (no ring)
MPRegen  0.11/turn              (no ring)
                                (no ring)
                                (no ring)

@: lethally poisoned (-4 -> -12)
A: almost no armour, stealthy swim, amphibious, 8 rings, constrict 8, camouflage
1, gelatinous body 1
a: no special abilities


You were on level 3 of the Dungeon.
You were hungry.

You visited 1 branch of the dungeon, and saw 4 of its levels.

You collected 167 gold pieces.

Inventory:

Hand Weapons
 a - a +1 whip of venom (weapon)
Missiles
 m - 5 atropa-tipped darts (quivered)
 q - 17 poisoned darts
Armour
 g - a +0 large shield
Jewellery
 d - a cursed ring of positive energy (left tentacle)
Scrolls
 c - 2 scrolls of blinking {unknown}
 i - 3 scrolls of identify {unknown}
 j - a scroll of magic mapping {unknown}
 l - a scroll of amnesia {unknown}
 n - a scroll of noise {unknown}
 o - a scroll of random uselessness {unknown}
 p - 2 scrolls of remove curse {unknown}
Potions
 e - a potion of resistance {unknown}
 f - a potion of mutation {unknown}
 h - a potion of might {unknown}
 k - a potion of invisibility {unknown}
 s - a potion of lignification {unknown}
Comestibles
 b - 8 rations


   Skills:
 + Level 1.9 Fighting
 + Level 2.8 Dodging
 - Level 2.6 Stealth
 + Level 1.5 Shields
 * Level 3.3 Spellcasting
 * Level 1.6 Charms
 + Level 4.4 Necromancy


You had 2 spell levels left.
You knew the following spells:

 Your Spells              Type           Power        Failure   Level  Hunger
a - Pain                  Necr           ###.         2%          1    None
r - Regeneration          Chrm/Necr      ##........   13%         3    ###....
A - Animate Dead          Necr           N/A          24%         4    ####...

Your spell library contained the following spells:

 Spells                   Type           Power        Failure   Level  Hunger
 Animate Skeleton         Necr           N/A          2%          1    None
 Vampiric Draining        Necr           ###.......   7%          3    ###....


Dungeon Overview and Level Annotations

Branches:
Dungeon (4/15)
 Temple: D:4-7

Altars:
Gozag
Zin


Innate Abilities, Weirdness & Mutations

You cannot wear most types of armour.
You are very stealthy in the water. (Stealth+)
You are amphibious.
You can wear up to eight rings at the same time.
You can use your tentacles to constrict eight enemies at once.
Your skin changes colour to match your surroundings (Stealth+).
Your rubbery body absorbs attacks. (AC +1, EV +1)


Message History

The gnoll shouts!
You struggle against the net.
You feel sick. The gnoll hits you!
* * * LOW HITPOINT WARNING * * *
Casting: Pain (safe; 2% risk of failure)
Confirm with . or Enter, or press ? or * to list all spells.
You don't have enough magic to cast that spell.
You shred the net and break free!
* * * LOW HITPOINT WARNING * * *
You feel sick. The gnoll completely misses you.
You closely miss the gnoll. You grab the gnoll. You squeeze the gnoll.
The gnoll is lightly wounded.
You constrict the gnoll, but do no damage.
* * * LOW HITPOINT WARNING * * *
You feel sick. The gnoll barely misses you. The gnoll hits you.
* * * LOW HITPOINT WARNING * * *
The gnoll throws a throwing net.
The throwing net closely misses you.
You barely miss the gnoll. You grab the gnoll. You constrict the gnoll. x2
* * * LOW HITPOINT WARNING * * *
You feel sick. The gnoll hits you.
You die...

# ...#...# ##' # ..#..g# #.
########.(.#... #. gg..÷..')..'..
##' ########...#.## #..
############..# #..
#....(...÷##.## #..
##.........##..#################+
.'.........'...g@g)..............
##.........###..######.#########.
##.........# #.....# #.# #######'
##.........# #.g...# #.# #.......
############ #..)..###g###.......
# #.....##....#....... #
#.....##....#....... #
#....)##....#....... #
#.....##....#.......


You could see 3 gnolls.

Vanquished Creatures
  A gnoll sergeant (D:3)
  6 gnolls
  2 adders (D:2)
  2 worms
  A dart slug (D:3)
  5 giant cockroaches
  6 goblins
  10 hobgoblins
  3 jackals (D:2)
  4 kobolds (D:2)
  2 quokkas
  A ball python (D:2)
  4 bats
  5 frilled lizards
  10 rats
62 creatures vanquished.

Notes
Turn   | Place    | Note
-------+----------+-------------------------------------------
     0 | D:1      | Arixos the Octopode Necromancer began the quest for the
                  | Orb.
     0 | D:1      | Reached XP level 1. HP: 11/11 MP: 3/3
   150 | D:1      | Reached XP level 2. HP: 13/18 MP: 1/5
   851 | D:2      | Reached skill level 1 in Fighting
   851 | D:2      | Reached XP level 3. HP: 7/23 MP: 2/6
  1317 | D:2      | Reached skill level 1 in Shields
  1317 | D:2      | Reached XP level 4. HP: 18/28 MP: 3/8
  1471 | D:2      | Learned a level 3 spell: Regeneration
  1476 | D:2      | Learned a level 4 spell: Animate Dead
  2693 | D:3      | Found an opulent altar of Gozag.
  2693 | D:3      | Found a glowing silver altar of Zin.
  2879 | D:3      | Noticed a gnoll sergeant
  2920 | D:3      | Reached skill level 1 in Charms
  3053 | D:3      | Reached XP level 5. HP: 33/34 MP: 6/9
  3070 | D:4      | Noticed an ogre
  3363 | D:3      | HP: 1/34 [poisoned by a gnoll sergeant]
  3363 | D:3      | Slain by a gnoll

Levels and vault maps discovered:
D:1:      saegor_arrival_simple_b, layout_rooms, glass_columns_a,
          dk_noncrumbling_3, patterned_corridor
D:2:      layout_basic, minmay_crystal_room, minivault_27, minmay_pentomino_p2
D:3:      layout_basic, grunt_temple_overflow_gold_and_silver
D:4:      layout_rooms, kennysheep_mini_moat, first_ration

Skill      XL: |  1  2  3  4 |
---------------+-------------+-----
Fighting       | 1 |  1.9
Shields        | 1 |  1.5
Spellcasting   | 3 |  3.3
Charms         | 1 |  1.6
Dodging        | |  2.8
Stealth        | |  2.6
Necromancy     | |  4.4

Action                   |  1- 3 |  4- 6 || total
-------------------------+-------+-------++-------
Melee: Whip              |    11 |    12 ||    23
       Constrict         |     4 |     4 ||     8
       Tentacles         |     3 |     5 ||     8
Throw: Dart              |       |     2 ||     2
 Cast: Pain              |    39 |    78 ||   117
       Regeneration      |       |     1 ||     1
  Eat: Chunk             |     1 |     6 ||     7
Dodge: Dodged            |    10 |    15 ||    25

Table legend:
 A = Non-vault XP
 B = Vault XP
 C = Vault XP percentage of total XP
 D = Non-vault monster count
 E = Vault monster count
 F = Vault count percentage of total count
                 A         B        C        D         E       F
            +---------+---------+-------+---------+---------+-------
      Total |     288 |       3 |   1.0 |      60 |       2 |   3.2
            +---------+---------+-------+---------+---------+-------
        D:1 |      22 |       0 |   0.0 |      13 |       0 |   0.0
        D:2 |     116 |       3 |   2.5 |      33 |       2 |   5.7
        D:3 |     150 |       0 |   0.0 |      14 |       0 |   0.0
            +---------+---------+-------+---------+---------+-------
